 Dungeon Crawl Stone Soup version 0.31-a0-358-gac0dbeb3ab (webtiles) character file.

Game seed: 13523152544053855549

196 avis the Ruffian (level 5, -4/48 HPs)
             Began as a Hill Orc Monk on July 25, 2023.
             Slain by Crazy Yiuf
             ... wielding a +2 quarterstaff of chaos
              (7 damage)
             ... on level 3 of the Dungeon on July 26, 2023.
             The game lasted 00:13:08 (2760 turns).

avis the Ruffian (Hill Orc Monk)                    Turns: 2760, Time: 00:13:09

Health: -4/48      AC:  6    Str: 16    XL:     5   Next: 74%
Magic:  5/5        EV: 11    Int: 10    God:
Gold:   161        SH:  0    Dex: 13    Spells: 4/4 levels left

rFire   + .          .
                       - Unarmed
rCold   + . .        c - orb {light}
rNeg    . . .        i - +0 ring mail
rPois   +            q - +0 helmet
rElec   +            (no cloak)
rCorr   +            (no gloves)
SInv    .            (no boots)
Will    .....        (no amulet) Stlth
                     (no ring)
HPRegen 0.28/turn    (no ring)
MPRegen 0.09/turn

%: no passive effects
@: confused, lethally poisoned (-4 -> -7), resistant, ambrosia-drunk, glowing
A: no striking features
a: no special abilities


You were on level 3 of the Dungeon.
You visited 1 branch of the dungeon, and saw 3 of its levels.

You collected 161 gold pieces.

Inventory:

Hand Weapons
 g - a +0 sling
 j - a +0 short sword of speed
Missiles
 d - 4 boomerangs
 f - 2 poisoned darts
Armour
 c - an orb of light (worn)
 i - a +0 ring mail (worn)
 q - a +0 helmet (worn)
Scrolls
 a - 3 scrolls of identify {unknown}
 h - a scroll of noise {unknown}
 m - a scroll of butterflies {unknown}
 n - a scroll of enchant armour {unknown}
 o - a scroll of brand weapon {unknown}
 r - a scroll of teleportation {unknown}
Potions
 e - a potion of brilliance {unknown}
 k - a potion of cancellation {unknown}
 l - a potion of curing {unknown}
 p - a potion of attraction {unknown}
 s - a potion of lignification {unknown}


   Skills:
 + Level 5.2 Fighting
 - Level 2.4 Dodging
 * Level 5.9 Unarmed Combat


You had 4 spell levels left.
You didn't know any spells.
Your spell library contained the following spells:

 Spells                   Type           Power      Damage    Failure   Level
 Summon Guardian Golem    Hex/Summ       0%         N/A       91%         3
 Vhi's Electric Charge    Tloc/Air       0%         N/A       91%         3
 Arcjolt                  Conj/Air       0%         1d10      100%        5
 Plasma Beam              Fire/Air       0%         2x1d10    100%        6
 Orb of Destruction       Conj           0%         9d5       100%        7
 Spellforged Servitor     Conj/Summ      0%         N/A       100%        7


Dungeon Overview and Level Annotations

Branches:
Dungeon (3/15)

Altars:

Annotations:
D:3 Crazy Yiuf


Message History

You see here a +0 hammer.
Okay, then.
Okay, then.
You open the door. You hit Crazy Yiuf but do no damage.
Crazy Yiuf barely misses you.
You hit Crazy Yiuf.
Crazy Yiuf is moderately wounded.
Crazy Yiuf waves his quarterstaff at you.
Crazy Yiuf hits you with a +2 quarterstaff of chaos.
You are poisoned.
You hit Crazy Yiuf but do no damage.
Crazy Yiuf is moderately wounded.
You feel very sick.
You barely miss Crazy Yiuf.
Crazy Yiuf is moderately wounded.
You feel sick. Crazy Yiuf barely misses you.
You hit Crazy Yiuf but do no damage.
Crazy Yiuf is moderately wounded.
You feel sick.
Crazy Yiuf hits you with a +2 quarterstaff of chaos!
You hit Crazy Yiuf.
Crazy Yiuf is moderately wounded.
You feel sick.
Crazy Yiuf hits you with a +2 quarterstaff of chaos!
* * * LOW HITPOINT WARNING * * *
Crazy Yiuf freezes you.
* * * LOW HITPOINT WARNING * * *
You punch Crazy Yiuf!
Crazy Yiuf is severely wounded.
You feel sick.
Crazy Yiuf screams, "Ice foot canine!"
Crazy Yiuf hits you with a +2 quarterstaff of chaos!
* * * LOW HITPOINT WARNING * * *
You feel protected.
You are confused.
You feel invigorated.
* * * LOW HITPOINT WARNING * * *
You feel sick.
Crazy Yiuf hits you with a +2 quarterstaff of chaos!
You die...

#####.# ###.#.
#.....#########.#.
#.....#...........
############.###<. #.#
#.. ♣♣♣♣♣####.###..
### ♣♣♣)♣)P..##.#....
#)))#♣))♣).P.)...#.#..
#.))g@♣♣♣♣P))...##.#..
#)))#♣♣ ♣♣P...##.#...
### ♣♣####[###.. #.
... . ....
################.##.
#................##
.......#..........#
................#.#.


You could see Crazy Yiuf.

Vanquished Creatures
  Natasha (D:3)
  Robin (D:3)
  8 adders
  A worm (D:2)
  2 dart slugs (D:1)
  6 ball pythons
  2 bats
  4 endoplasms
  2 giant cockroaches (D:1)
  14 goblins
  14 hobgoblins
  6 jackals (D:1)
  3 kobolds
  5 quokkas
  2 frilled lizards
  6 rats
77 creatures vanquished.

Notes
Turn   | Place    | Note
-------+----------+-------------------------------------------
     0 | D:1      | avis the Hill Orc Monk began the quest for the Orb.
     0 | D:1      | Reached XP level 1. HP: 19/19 MP: 1/1
    53 | D:1      | Reached XP level 2. HP: 10/27 MP: 2/2
   134 | D:1      | You fall into a shaft and drop 1 floor!
   402 | D:1      | Upgraded the game from 0.31-a0-355-g57cb03d3e8 to
                  | 0.31-a0-358-gac0dbeb3ab
   402 | D:1      | Reached XP level 3. HP: 32/33 MP: 3/3
  1171 | D:1      | Found a faded altar of an unknown god.
  1502 | D:2      | Reached XP level 4. HP: 30/41 MP: 4/4
  1736 | D:2      | Reached skill level 5 in Unarmed Combat
  2272 | D:3      | Noticed Natasha
  2278 | D:3      | Killed Natasha
  2279 | D:3      | Reached XP level 5. HP: 40/47 MP: 5/5
  2375 | D:3      | Noticed Robin
  2413 | D:3      | Killed Robin
  2417 | D:3      | Reached skill level 5 in Fighting
  2748 | D:3      | Found a runed translucent door.
  2749 | D:3      | Noticed Crazy Yiuf
  2759 | D:3      | HP: 1/48 [Crazy Yiuf/+2 quarterstaff of chaos (8)]
  2760 | D:3      | Slain by Crazy Yiuf

Illustrated notes

Levels and vault maps discovered:
D:1:      pf_arrival_petrified_forest, layout_basic,
          shapermc_ecumenical_altar_hornbeckon
D:2:      layout_basic, minmay_misc_feat_four_crosses, minmay_strange_pillars,
          serial_bayou_pond_a
D:3:      layout_loops_ring, mainiacjoe_overflow_big_doors,
          ebering_ghost_inner_flame, minmay_snake_closets,
          uniq_crazy_yiuf_cottage, uniq_natasha, uniq_robin

Skill      XL: |  1  2  3  4  5 |
---------------+----------------+-----
Fighting       | 4 5 |  5.2
Unarmed Combat | 4 5 |  5.9
Dodging        | |  2.4

Action                     |  1- 3 |  4- 6 || total
---------------------------+-------+-------++-------
  Melee: Unarmed           |   120 |    90 ||   210
         Short sword       |       |    19 ||    19
    Use: Potion            |       |     1 ||     1
 Armour: Robe              |    13 |       ||    13
         Ring mail         |    17 |    21 ||    38
  Dodge: Dodged            |    53 |    48 ||   101

Table legend: (Time is in decaauts)
 A = Elapsed time spent in this place.
 B = Non-inter-level travel time spent in this place.
 C = Inter-level travel time spent in this place.
 D = Time resting spent in this place.
 E = Time spent auto-exploring this place.
 F = Levels seen in this place.
 G = Mean time per level.
                   A        B        C        D        E       F      G
               +--------+--------+--------+--------+--------+-----+--------+
         Total |   2738 |   2639 |     99 |    293 |   1566 |   3 |  912.7 |
       Dungeon |   2738 |   2639 |     99 |    293 |   1566 |   3 |  912.7 |
               +--------+--------+--------+--------+--------+-----+--------+

Top non-repeatable levels by time:
     D:1: 1223 daAuts
     D:2: 1000 daAuts
     D:3: 515 daAuts
